 Dungeon Sprint DCSS version 0.25.1-2-g60ff931df9 (webtiles) character file.

Game seed: 2374764772407114170

276 raphialitos the Fighter (level 6, -8/63 HPs)
             Began as a Minotaur Fighter on Sept 29, 2020.
             Mangled by a slime creature (18 damage)
             ... in the Dungeon (Sprint I: "Red Sonja").
             The game lasted 00:00:32 (62 turns).

raphialitos the Fighter (Minotaur Fighter)            Turns: 62, Time: 00:00:33

Health: -8/63      AC:  8    Str: 22    XL:     6   Next: 4%
Magic:  5/5        EV:  8    Int:  5    God:
Gold:   54         SH: 11    Dex: 10    Spells: 5/5 levels left

rFire    . . .     SeeInvis .   a - +0 war axe
rCold    . . .     Gourm    .   c - +0 kite shield
rNeg     . . .     Faith    .   b - +0 scale mail
rPois    .         Spirit   .   (helmet restricted)
rElec    .         Reflect  .   (no cloak)
rCorr    .         Harm     .   (no gloves)
MR       .....     NoTele   +   (no boots)
Stlth    ..........             (no amulet)
HPRegen  0.20/turn              (no ring)
MPRegen  0.09/turn              (no ring)

@: mighty
A: retaliatory headbutt, horns 2
a: no special abilities


You were in the Dungeon.
You were not hungry.

You visited 1 branch You collected 54 gold pieces.

Inventory:

Hand Weapons
 a - a +0 war axe (weapon)
Armour
 b - a +0 scale mail (worn)
 c - a +0 kite shield (worn)
Wands
 l - a wand of digging (5)
Scrolls
 k - a scroll of blinking
Potions
 e - a potion of curing
 g - a potion of heal wounds
 h - a potion of haste
 i - 2 potions of magic
 j - a potion of berserk rage
Comestibles
 f - a ration


   Skills:
 + Level 9.1 Fighting
 + Level 5.9 Axes
 + Level 8.9 Armour
 + Level 8.7 Shields


You had 5 spell levels left.
You didn't know any spells.
Your spell library was empty.

Dungeon Overview and Level Annotations

Branches:
Dungeon (1/1)

Altars:
Makhleb
Xom
Jiyva
Lugonu


Innate Abilities, Weirdness & Mutations

You reflexively headbutt those who attack you in melee.
You have a pair of horns on your head.


Message History

Increase (S)trength, (I)ntelligence, or (D)exterity?
You feel agile.
Things that are here:
a +0 scythe; a +0 robe As you open the door, it creaks loudly!
Found 108 gold pieces.
There is an open door here.
You now have 27 gold pieces.
You now have 54 gold pieces (gained 27).
You open the door.
A slime creature comes into view.
The slime creature quivers.
Found four altars.
You block the slime creature's attack.
There is an open door here.
You completely miss the slime creature. You block the slime creature's attack.
You barely miss the slime creature. The slime creature hits you!
* * * LOW HITPOINT WARNING * * *
The slime creature hits you!!
You die...

###################
#<.#..)..#..'.$#__#
#..'[.#..').#$.@J.+
#..#####+#####+#__#
#..# ### #..# #..#
#⌠⌠# ####


You could see a slime creature.

Vanquished Creatures
  Sigmund (D)
  An ogre (D)
  Ijyb (D)
3 creatures vanquished.

Notes
Turn   | Place    | Note
-------+----------+-------------------------------------------
     0 | D        | raphialitos the Minotaur Fighter began the quest for the
                  | Orb.
     0 | D        | Reached XP level 1. HP: 19/19 MP: 0/0
     1 | D        | Noticed Ijyb
     4 | D        | Killed Ijyb
     4 | D        | Reached skill level 5 in Fighting
     4 | D        | Reached skill level 5 in Armour
     4 | D        | Reached skill level 5 in Shields
     4 | D        | Reached XP level 2. HP: 26/29 MP: 1/1
    34 | D        | Noticed an ogre
    40 | D        | Killed an ogre
    40 | D        | Reached skill level 7 in Fighting
    40 | D        | Reached XP level 3. HP: 10/39 MP: 2/2
    40 | D        | Reached XP level 4. HP: 12/47 MP: 3/3
    44 | D        | Noticed Sigmund
    50 | D        | Killed Sigmund
    50 | D        | Reached skill level 9 in Fighting
    50 | D        | Reached skill level 5 in Axes
    50 | D        | Reached XP level 5. HP: 17/57 MP: 4/4
    50 | D        | Reached XP level 6. HP: 19/63 MP: 5/5
    59 | D        | Found a burning altar of Makhleb.
    59 | D        | Found a viscous altar of Jiyva.
    59 | D        | Found a shimmering altar of Xom.
    59 | D        | Found a corrupted altar of Lugonu.
    59 | D        | Noticed a slime creature
    62 | D        | Mangled by a slime creature

Illustrated notes

Levels and vault maps discovered:
D:        dungeon_sprint_1 [red_sonja_temple_1, red_sonja_temple_small_1]

Skill      XL: |  1  2  3  4 |
---------------+-------------+-----
Fighting       | 5 7 9 |  9.1
Axes           | 3 4 5 |  5.9
Armour         | 5 7 8 |  8.9
Shields        | 5 6 8 |  8.7

Action                   |  1- 3 |  4- 6 || total
-------------------------+-------+-------++-------
Melee: War axe           |     7 |     7 ||    14
       Headbutt          |     4 |     2 ||     6
  Use: Potion            |     1 |       ||     1
Dodge: Dodged            |     1 |     2 ||     3
Block: Kite shield       |     2 |     5 ||     7
